 Dungeon Crawl Stone Soup version 0.17-a0-2105-gad05798 (webtiles) character file.

508 Geeful the Insei (level 7, -12/46 HPs)
             Began as a Human Wanderer on Oct 18, 2015.
             Mangled by an ogre
             ... wielding a +0 giant club
              (26 damage)
             ... on level 4 of the Dungeon.
             The game lasted 00:22:04 (7261 turns).

Geeful the Insei (Human Wanderer)                   Turns: 7261, Time: 00:22:04

Health: -12/46     AC:  7    Str: 12    XL:     7   Next: 42%
Magic:  14/14      EV: 11    Int: 15    God:
Gold:   192        SH:  0    Dex: 12    Spells: 1 memorised, 14 levels left

rFire  . . .     SeeInvis .       - Unarmed
rCold  . . .     Clarity  .     q - +0 ring mail
rNeg   . . .     SustAt   .     (no shield)
rPois  .         Gourm    .     (no helmet)
rElec  .         Spirit   .     o - +0 cloak
rCorr  .         Warding  .     (no gloves)
rMut   .         Stasis   .     u - +0 pair of boots (curse)
MR     .....                    p - amulet of rage
Stlth  +.........               (no ring)
                                y - +2 ring of evasion

@: repel missiles, not resistant to hostile enchantments, very unstealthy
A: no striking features
a: Evoke Berserk Rage


You were on level 4 of the Dungeon.
You were not hungry.

You visited 1 branch of the dungeon, and saw 4 of its levels.
You also visited: Sewer.

You collected 192 gold pieces.

Inventory:

Missiles
 w - 31 poisoned needles
Armour
 d - a +0 robe
 l - a +0 scale mail
 o - a +0 cloak (worn)
 q - a +0 ring mail (worn)
 u - a cursed +0 pair of boots (worn)
Jewellery
 i - an uncursed ring of flight
 p - an amulet of rage (around neck)
 y - a +2 ring of evasion (left hand)
Wands
 c - a wand of random effects (0)
 e - a wand of hasting (3)
Scrolls
 g - 2 scrolls of magic mapping
 h - 2 scrolls of remove curse
 j - a scroll of teleportation
 r - a scroll of enchant weapon
 t - a scroll of identify
 A - a scroll of fog {unknown}
Potions
 k - 10 potions of heal wounds
 m - 3 potions of curing
 n - 2 potions of brilliance
 v - a potion of might
 x - a potion of agility
Books
 a - a Young Poisoner's Handbook

   Spells                             Type                      Level
   a - Sting                          Conjuration/Poison           1
   b - Cure Poison                    Poison                       2
   c - Mephitic Cloud                 Conjuration/Poison/Air       3
   d - Olgreb's Toxic Radiance        Poison                       4
   e - Venom Bolt                     Conjuration/Poison           5
 b - Sif Muna's Tome of Kismet

   Spells                             Type                      Level
   a - Shroud of Golubria             Charms/Translocation         2
   b - Repel Missiles                 Charms/Air                   2
Comestibles
 f - 3 bread rations
 s - a meat ration


   Skills:
 - Level 1.0 Throwing
 + Level 7.0 Unarmed Combat
 - Level 5.0 Spellcasting
 - Level 1.6 Charms
   Level 2.0 Fire Magic
   Level 1.0 Poison Magic
 - Level 1.0 Evocations


You had 14 spell levels left.
You knew the following spells:

 Your Spells              Type           Power        Failure   Level  Hunger
a - Repel Missiles        Chrm/Air       #.....       38%         2    ##.....


Dungeon Overview and Level Annotations

Branches:
Dungeon (4/15)
 Temple: D:4-7

Altars:
Ashenzari
Okawaru
Qazlal


Message History

Eat which item? (? for menu, Esc to quit)
Mmm...
That's the fabled Pandemonium Pizza!
You hit the ogre.
The ogre is lightly wounded.
The ogre completely misses you.
You barely miss the ogre.
The ogre is lightly wounded.
The ogre hits you with a giant club!
You completely miss the ogre.
The ogre is lightly wounded.
You punch the ogre!
The ogre is moderately wounded.
The ogre hits you with a giant club.
You closely miss the ogre.
The ogre is moderately wounded.
The ogre hits you with a giant club!
Use which ability?
You fail to use your ability.
The ogre hits you with a giant club!!
Ouch! That really hurt!
You die...

..######## ##.....
..........# #..###
..........# #..##
..........# ##..#
..........##### #..##
..............# #...#
..........###.######...#
..........+........#...#
......O@..###.####.#...#
..........# #.# #...#.#
#+###.#+#####.########..
## #...........#.
#.#.#######.#. #.#...#
#.## #.#.### #.## #.#.#
#.## #.#.# #.#


You could see an ogre.

Vanquished Creatures
  An ogre (D:4)
  The ghost of binmo the Ruffian, an amateur VSMo (Sewer)
  2 iguanas (D:4)
  An orc priest (D:4)
  A hound skeleton (D:4)
  6 adders
  6 river rats
  An ooze (D:2)
  2 worms
  4 giant geckos
  14 orcs
  7 bats
  2 giant cockroaches (D:1)
  14 goblins
  9 hobgoblins
  A quokka (D:3)
  8 ball pythons
  4 giant newts
  5 jackals
  30 kobolds
  32 rats
151 creatures vanquished.

Notes
Turn   | Place    | Note
--------------------------------------------------------------
     0 | D:1      | Geeful the Human Wanderer began the quest for the Orb.
     0 | D:1      | Geeful set off with: a Young Poisoner's Handbook, Sif Muna's Tome of Kismet, a wand of random effects (15), a +0 robe, a +0 dagger, a bread ration
     0 | D:1      | Reached XP level 1. HP: 13/13 MP: 6/6
     1 | D:1      | Identified Sif Muna's Tome of Kismet
   179 | D:1      | Reached skill level 1 in Unarmed Combat
   213 | D:1      | Reached XP level 2. HP: 5/19 MP: 8/8
  1521 | D:2      | Found a faded altar to an unknown god.
  1565 | D:2      | Reached XP level 3. HP: 15/24 MP: 9/9
  1755 | D:2      | Found a shattered altar of Ashenzari.
  1774 | D:2      | Found a stormy altar of Qazlal.
  2413 | D:1      | Upgraded the game from 0.17-a0-2101-g0c122e7 to 0.17-a0-2105-gad05798
  2416 | D:1      | Learned a level 2 spell: Repel Missiles
  2720 | D:2      | Reached skill level 1 in Charms
  2720 | D:2      | Reached XP level 4. HP: 28/30 MP: 11/11
  2879 | D:2      | Noticed Ijyb
  2896 | D:2      | Noticed Ijyb
  2902 | D:2      | Killed Ijyb the giant gecko
  3083 | D:2      | Noticed an earth elemental
  3085 | D:2      | Found a stormy altar of Qazlal.
  3086 | D:2      | Noticed a water elemental
  3086 | D:2      | Noticed an air elemental
  3086 | D:2      | Noticed a fire elemental
  3165 | D:3      | Found a glowing drain.
  3344 | Sewer    | Entered a sewer
  3376 | Sewer    | Noticed binmo's ghost (amateur VSMo)
  3393 | Sewer    | Killed binmo's ghost
  3393 | Sewer    | Reached XP level 5. HP: 35/35 MP: 12/12
  3863 | Sewer    | Reached XP level 6. HP: 25/41 MP: 13/13
  3879 | Sewer    | Reached skill level 5 in Unarmed Combat
  6123 | D:3      | Found an iron altar of Okawaru.
  6437 | D:4      | Reached skill level 6 in Unarmed Combat
  6448 | D:4      | Reached XP level 7. HP: 35/46 MP: 14/14
  7076 | D:4      | Reached skill level 7 in Unarmed Combat
  7261 | D:4      | Mangled by an ogre

Vault maps used:
D:1:      saegor_arrival_simple_c
D:2:      kennysheep_the_goblin_king, amethyst_overflow_temple_binary,
          ecumenical_altar_1, nicolae_qazlal_style_of_elements
D:3:      old_standard_altar, portal_sewer_entry_a
D:4:      minmay_temple_entry_from_below_b, first_bread, corner_web_ring,
          minmay_misc_feat_plants
Sewer:    sewer_minmay_treatment

Action                   |  1- 3 |  4- 6 |  7- 9 || total
-------------------------+-------+-------+-------++-------
Melee: Unarmed           |   250 |   408 |    25 ||   683
 Cast: Repel Missiles    |       |     3 |       ||     3
 Abil: Evoke Berserk Rag |       |     1 |     1 ||     2
Evoke: Wand              |     3 |    13 |       ||    16
  Use: Potion            |       |     7 |       ||     7
       Scroll            |       |     8 |     2 ||    10
 Stab: Sleeping          |     1 |       |       ||     1
  Eat: Chunk             |     6 |    12 |     3 ||    21
       Pizza             |       |       |     1 ||     1
